Map: Daybreak LE (Void)

Players

INnoVation - Winner!

  • Race: Terran Terran
  • Spawn Location: 7:00

Trust

  • Race: Protoss Protoss
  • Spawn Location: 1:00

Event: IEM Season 11 - Gyeonggi

VOD

Have the link to the VOD?

Description

Time

  • Played on: Dec. 14, 2016, 9:08 p.m.
  • Length: 4:45

All games in this series

Show
View Real Time Build Order
Export as new Build Order

INnoVation Terran - Winner!

Build Orders: 1/1/1, Cyclone Opening 

Get SALT Encoding   

  12  0:00  SCV  
  13  0:12  SCV  
  14  0:18  Supply Depot  
  14  0:24  SCV  
  15  0:39  SCV  
  15  0:41  Barracks  
  16  0:46  Refinery  
  16  0:51  SCV  
  17  0:57  Refinery  
  17  1:03  SCV  
  18  1:15  SCV  
  19  1:28  Marine, Orbital Command  
  20  1:35  Factory  
  20  1:46  Barracks Reactor  
  20  1:48  Supply Depot  
  20  1:53  SCV  
  21  2:06  SCV  
  22  2:18  Cyclone  
  22  2:20  Starport  
  22  2:22  Marine  
  25  2:24  Marine  
  27  2:31  Supply Depot  
  27  2:34  SCV  
  28  2:40  Marine  
  28  2:42  Marine  
  30  2:52  Cyclone  
  30  2:57  Medivac  
  30  2:58  Marine  
  35  3:02  Marine  
  37  3:09  Supply Depot  
  37  3:18  Marine  
  37  3:19  Marine  
  38  3:21  Bunker  
  39  3:31  Cyclone  
  40  3:38  Marine x2  
  41  3:43  Viking  
  43  3:52  Supply Depot  
  43  3:56  Marine x2  
  45  4:11  Cyclone  
  45  4:13  Marine  
  45  4:14  Marine  
Show
View Real Time Build Order
Export as new Build Order

Trust Protoss 

Build Orders: 1 Gate Expand, Oracle Opening, Phoenix Opening 

Get SALT Encoding   

  12  0:01  Probe (Chrono Boost)  
  13  0:11  Probe (Chrono Boost)  
  14  0:18  Pylon  
  14  0:22  Probe (Chrono Boost)  
  15  0:36  Gateway, Probe (Chrono Boost)  
  15  0:42  Assimilator  
  16  0:46  Probe (Chrono Boost)  
  17  0:57  Probe (Chrono Boost)  
  18  1:08  Probe (Chrono Boost)  
  19  1:19  Nexus  
  19  1:29  Cybernetics Core  
  20  1:32  Probe (Chrono Boost)  
  20  1:37  Assimilator  
  20  1:43  Probe (Chrono Boost)  
  21  1:47  Pylon  
  21  1:54  Probe (Chrono Boost)  
  22  2:02  Adept  
  22  2:05  Probe (Chrono Boost)  
  22  2:06  Warp Gate  
  25  2:18  Probe (Chrono Boost)  
  26  2:23  Stargate  
  26  2:26  Adept  
  28  2:31  Probe x2 (Chrono Boost)  
  30  2:42  Probe (Chrono Boost)  
  30  2:44  Probe (Chrono Boost)  
  32  2:50  Adept  
  32  2:52  Probe (Chrono Boost)  
  32  2:56  Probe (Chrono Boost)  
  36  3:01  Oracle  
  38  3:13  Stalker  
  36  3:39  Stalker, Phoenix  
  34  3:56  Gateway x2  
  34  4:01  Pylon  
  23  4:19  Stalker  
  19  4:28  Probe (Chrono Boost)  

Tags
 
Add a new tag
Caveats
  • Supply blocks, unpowered buildings, or Contaminate may cause inaccurate times.
  • Supply counts are checked every 10 seconds.